← All builds
Suicide front / Cortex / Economy first / OBSERVED BUILD

Standard suicide front

The role's baseline bot lab opening: secure mexes, push out Thugs, Aggravators and Grunts to contest the middle and hold until T2 arrives.

#rush · 353 distinct matches · 76 players · 67% of Cortex Suicide front games · team won 51% of 366 · Recently observed

HOW TO PLAY IT

Key timing: Bot Lab by 0:34

  1. Take 3 mex, then rush a Bot Lab immediately for early army.
  2. Finish Bot Lab, start pumping Thug, Grunt and Aggravator.
  3. Push units to middle to contest and secure reclaim early.
  4. Add Advanced Metal Extractor to keep economy scaling with the fight.
  5. Hold middle with bots until T2 reinforcements arrive from Geo.

Phase by phase

TYPICAL OF ITS 353 GAMES
  1. 1
  2. 2
  3. 3
PLAY THE OPENING

Follow the example game's first 6:00 step by step: what to build now, what comes next, and where it goes. At 1× it keeps pace with your own game.

  1. 1

    Up to the Bot Lab

    Economy
    • Metal Extractor1Mex
    Order
    1. Bot LabBot Lab after 1 mexdone ~0:34, middle half 0:26–0:44

    By 0:17 in all: 1 mex

    The example game in this phase · 2 steps
    1. Mex
    2. Bot LabBot Labdone 0:27 · typical 0:34
  2. 2

    Bot Lab to 5:00

    Economy
    • Metal Extractor4Mex
    • Wind Turbine3Wind
    Builders
    • Graverobber4 Graverobber
    • Construction Bot3 Con bot
    Army
    • Guard3 Guard
    • Thug14 Thug
    • Grunt3 Grunt
    • Aggravator2 Aggravator
    Other
    • Radar Tower1 Radar Tower

    By 5:00 in all: 5 mex · 3 wind

    The example game in this phase · 29 steps
    1. Wind
    2. GraverobberGraverobber ×2
    3. GruntGrunt ×3
    4. Construction BotCon bot ×2
    5. GuardGuard
    6. Construction BotCon bot
    7. Radar TowerRadar Tower
    8. Mex ×2
    9. ThugThug ×3
    10. Mex
    11. ThugThug
    12. GuardGuard
    13. ThugThug
    14. Mex
    15. ThugThug
    16. GuardGuard
    17. ThugThug ×3
    18. GuardGuard
    19. ThugThug ×2
    20. GuardGuard
    21. ThugThug ×4
    22. Wind
    23. ThugThug ×3
    24. Wind
    25. ThugThug ×2
    26. Wind
    27. Construction BotCon bot
    28. AggravatorAggravator ×2
    29. Wind
  3. 3

    5:00 to 10:00

    Economy
    • Metal Extractor1Mex
    • Wind Turbine14Wind
    Builders
    • Construction Turret2 Con turret
    • Graverobber2 Graverobber
    • Construction Bot1 Con bot
    Army
    • Guard1 Guard
    • Thug6 Thug
    • Grunt3 Grunt

    Some games also: aggravator (50%) · energy storage (47%) · Radar Tower (44%) · Twin Guard (31%) · converter (30%)

    By 10:00 in all: 6 mex · 18 wind · 1 energy storage · 2 con turret

    The example game in this phase · 131 steps
    1. AggravatorAggravator ×3
    2. Wind
    3. AggravatorAggravator ×3
    4. GruntGrunt ×2
    5. Wind
    6. GruntGrunt ×4
    7. AggravatorAggravator
    8. Wind
    9. AggravatorAggravator ×2
    10. ThugThug
    11. Wind
    12. ThugThug ×2
    13. Wind
    14. ThugThug ×4
    15. Con turret
    16. ThugThug
    17. Wind
    18. ThugThug
    19. Wind
    20. ThugThug
    21. Wind
    22. Con turret
    23. Construction BotCon bot
    24. Energy storage
    25. ThugThug ×2
    26. Wind
    27. Construction BotCon bot
    28. Wind
    29. Construction BotCon bot
    30. GuardGuard
    31. Wind
    32. WardenWarden
    33. GuardGuard ×2
    34. Wind
    35. CastroCastro
    36. Wind ×2
    37. WardenWarden
    38. Wind
    39. Converter ×2
    40. Wind
    41. Con turret
    42. Converter
    43. Wind
    44. GruntGrunt
    45. Con turret
    46. GraverobberGraverobber
    47. Converter
    48. GruntGrunt ×2
    49. Wind
    50. GruntGrunt
    51. Mex
    52. GruntGrunt ×2
    53. Converter
    54. GruntGrunt
    55. SAMSAM
    56. GruntGrunt
    57. Advanced Metal ExtractorT2 mexdone 12:13 · typical 9:42
    58. Wind
    59. GruntGrunt
    60. Converter
    61. CastroCastro
    62. SAMSAM
    63. Converter
    64. Mex
    65. Converter
    66. Dragon's TeethDragon's Teeth
    67. GruntGrunt
    68. Dragon's TeethDragon's Teeth ×3
    69. Twin GuardTwin Guard
    70. Wind
    71. GruntGrunt ×2
    72. Twin GuardTwin Guard
    73. Wind
    74. GruntGrunt ×3
    75. Wind ×2
    76. GruntGrunt
    77. Wind ×2
    78. GruntGrunt
    79. Wind
    80. GruntGrunt
    81. Advanced Metal ExtractorT2 mex
    82. GruntGrunt
    83. Wind
    84. GruntGrunt
    85. Wind
    86. Dragon's TeethDragon's Teeth ×2
    87. Wind
    88. Dragon's TeethDragon's Teeth ×4
    89. Wind
    90. Dragon's TeethDragon's Teeth
    91. Wind
    92. Dragon's TeethDragon's Teeth ×2
    93. Wind
    94. Dragon's TeethDragon's Teeth ×2
    95. GruntGrunt
    96. Dragon's TeethDragon's Teeth
    97. Wind ×2
    98. Dragon's TeethDragon's Teeth ×2
    99. GruntGrunt
    100. Dragon's TeethDragon's Teeth ×2
    101. Wind
    102. GruntGrunt
    103. Dragon's TeethDragon's Teeth
    104. GruntGrunt ×3
    105. RattlesnakeRattlesnakenot finished by 15:00
    106. Wind
    107. GruntGrunt
    108. Dragon's TeethDragon's Teeth ×3
    109. Wind
    110. Dragon's TeethDragon's Teeth
    111. RattlesnakeRattlesnake
    112. Dragon's TeethDragon's Teeth ×2
    113. Wind
    114. Dragon's TeethDragon's Teeth ×2
    115. Wind
    116. Dragon's TeethDragon's Teeth ×3
    117. Wind
    118. Dragon's TeethDragon's Teeth ×2
    119. Wind
    120. Construction BotCon bot
    121. Dragon's TeethDragon's Teeth ×3
    122. GruntGrunt
    123. Wind
    124. Dragon's TeethDragon's Teeth
    125. GruntGrunt ×2
    126. Dragon's TeethDragon's Teeth
    127. Con turret
    128. Advanced Metal ExtractorT2 mex
    129. GruntGrunt
    130. Dragon's TeethDragon's Teeth
    131. Wind

Counts are medians over the build's games: half of them build more, half fewer. The example game is GuiTou's (36 OS, 28/08/2026); pick another.

Team trades

IN AT LEAST 30% OF ITS GAMES

You hand over

Nothing regular.

You get

  • Tidal Generator4 Tidal from Pondfirst at 0:10 · in 69% of games
  • Advanced Construction Bot1 T2 con bot from Geo or Techfirst at 7:32 · in 57% of games

How it plays out

Typical game of this build, running totals by minute

Metal produced

010k20k
0:005:0010:0015:00

metal

Enemy metal destroyed

05k10k
0:005:0010:0015:00

metal

Own metal lost

05k10k15k
0:005:0010:0015:00

metal

366 games.

Show as table
ByMetal produced: This buildEnemy metal destroyed: This buildOwn metal lost: This build
1:0027300
2:0095600
3:002058191130
4:003151663628
5:00432816971420
6:00553425652380
7:00676835643465
8:00797145054456
9:00923451865453
10:001045058116293
11:001194662887124
12:001361268158150
13:001530674618924
14:001705482219879
15:0018776887210532
WHAT THE NUMBERS SAY

This is the role's baseline aggressive job, winning half its games while both dealing and taking heavy metal losses fighting at middle.

  • + Fastest Bot Lab of any role (0:34), gets units fighting almost immediately.
  • + Destroys 8805 enemy metal by 15:00 through constant middle pressure.
  • − Loses 10461 own metal by 15:00, more than it destroys.
  • − Metal production lags behind other front role at 18297 by 15:00.
THE EXAMPLE YOU ARE READING

GuiTou

35.6 OS · 28/08/2026

Open source match ↗

5 received units · includes a constructor
179 metal received · 16497 energy received

Allied construction assistance is unknown. Timings are observations, not a promise of solo reproducibility.

Typical milestones

Bot Lab0:34Middle 50%: 0:26–0:44 · n=362
Advanced Metal Extractor9:42Middle 50%: 8:46–10:57 · n=238

Played most by

_X_59games of this build_Hawkey_34games of this buildGuiTou23games of this buildImmort23games of this buildViltrum22games of this build

Supporting games

Pick a game to read and play it above.

_Hawkey_25/09/2026 · 60 OS↗_Hawkey_25/09/2026 · 60 OS↗Erilium25/09/2026 · 46 OS↗Erilium25/09/2026 · 46 OS↗Kcorp25/09/2026 · 50 OS↗_Hawkey_25/09/2026 · 61 OS↗[Crd]Acquati24/09/2026 · 36 OS↗Gieds24/09/2026 · 47 OS↗GuiTou28/08/2026 · 36 OS↗
32 more of 358, the most recentMischievousDragonGF24/09/2026 · 43 OS↗xabre24/09/2026 · 48 OS↗SkyFireEX23/09/2026 · 37 OS↗[Grump]Atlasfailed23/09/2026 · 36 OS↗UsurpeR23/09/2026 · 43 OS↗_X_23/09/2026 · 44 OS↗Rosie23/09/2026 · 35 OS↗I_pawngame_u23/09/2026 · 37 OS↗SauceDispenser23/09/2026 · 35 OS↗[GerBoyz]Stinkfisch23/09/2026 · 39 OS↗[Grump]Atlasfailed23/09/2026 · 36 OS↗Ariah23/09/2026 · 43 OS↗[GerBoyz]Stinkfisch22/09/2026 · 39 OS↗[GerBoyz]Stinkfisch22/09/2026 · 38 OS↗[GerBoyz]Stinkfisch22/09/2026 · 38 OS↗[GerBoyz]Stinkfisch22/09/2026 · 38 OS↗SauceDispenser22/09/2026 · 36 OS↗theBeauty21/09/2026 · 38 OS↗PlatinumBlonde21/09/2026 · 58 OS↗theBeauty21/09/2026 · 38 OS↗[Grump]Atlasfailed20/09/2026 · 36 OS↗GuiTou20/09/2026 · 36 OS↗Kcorp20/09/2026 · 51 OS↗I_pawngame_u20/09/2026 · 37 OS↗I_pawngame_u20/09/2026 · 37 OS↗Rexalidus20/09/2026 · 37 OS↗GuiTou19/09/2026 · 36 OS↗[Grump]Atlasfailed19/09/2026 · 36 OS↗derkarl19/09/2026 · 36 OS↗derkarl19/09/2026 · 36 OS↗_Hawkey_19/09/2026 · 58 OS↗[Grump]Atlasfailed18/09/2026 · 36 OS↗
Supreme Isthmus v2.1
Beyond All Reason test-31115-21dbf79
Naval balance tweaks off